 Dungeon Crawl Stone Soup version 0.30.1-8-g117510f58f (webtiles) character file.

Game seed: 1519156005745569989

161 Ivernyr the Shield-Bearer (level 5, -1/42 HPs)
             Began as a Formicid Fighter on Sept 23, 2023.
             Killed by divine providence
             ... invoked by an orc priest
              (8 damage)
             ... on level 3 of the Dungeon.
             The game lasted 00:04:06 (1486 turns).

Ivernyr the Shield-Bearer (Formicid Fighter)        Turns: 1486, Time: 00:04:07

Health: -1/42      AC:  9    Str: 22    XL:     5   Next: 70%
Magic:  5/5        EV:  9    Int:  8    God:
Gold:   89         SH:  5    Dex: 13    Spells: 4/4 levels left

rFire   . . .        a - +0 quarterstaff
rCold   . . .        c - +0 buckler
rNeg    . . .        b - +0 scale mail
rPois   .            (helmet unavailable)
rElec   .            (no cloak)
rCorr   .            (no gloves)
SInv    +            g - +1 pair of boots
Will    .....        (no amulet) Stlth
                     (no ring)
HPRegen 0.27/turn    (no ring)
MPRegen 0.09/turn

%: no passive effects
@: no status effects
A: permanent stasis, dig shafts and tunnels, antennae 3, four strong arms
a: Dig, Shaft Self


You were on level 3 of the Dungeon.
You visited 1 branch of the dungeon, and saw 3 of its levels.

You collected 89 gold pieces.

Inventory:

Hand Weapons
 a - a +0 quarterstaff (weapon)
Armour
 b - a +0 scale mail (worn)
 c - a +0 buckler (worn)
 g - a +1 pair of boots (worn)
Scrolls
 e - a scroll of teleportation {unknown}
 f - 2 scrolls of identify {unknown}
 i - a scroll of silence {unknown}
 l - a scroll of noise {unknown}
 m - a scroll of fog {unknown}
 n - a scroll of enchant weapon {unknown}
 o - a scroll of vulnerability {unknown}
 p - a scroll of fear {unknown}
Potions
 d - 2 potions of might
 h - 2 potions of degeneration {unknown}
 j - a potion of magic {unknown}
 k - a potion of heal wounds {unknown}


   Skills:
 + Level 4.1 Fighting
 * Level 3.7 Staves
 + Level 4.1 Armour
 + Level 4.9 Shields


You had 4 spell levels left.
You didn't know any spells.
Your spell library contained the following spells:

 Spells                   Type           Power      Damage    Failure   Level
 Ensorcelled Hibernation  Hex/Ice        0%         N/A       90%         2
 Passwall                 Tmut/Erth      0%         N/A       90%         2
 Swiftness                Air            Unusable   N/A       N/A         3

Dungeon Overview and Level Annotations

Branches:
Dungeon (3/15)

Altars:

Shops:
D:1 (   D:2 =


Innate Abilities, Weirdness & Mutations

You cannot be hasted, slowed, berserked, paralysed or teleported.
You can dig through walls and to a lower floor.
You have a pair of large antennae on your head. (SInv)
Your four strong arms can wield two-handed weapons with a shield.


Message History

An orc comes into view. It is wielding a +0 dagger.
The orc closely misses you. The orc hits you but does no damage.
The orc shouts!
You hit the orc.
The orc is lightly wounded.
The orc hits you but does no damage.
You barely miss the orc. The orc barely misses you. You block the orc's attack.
The orc hits you with a +0 mace. x2; The orc hits you but does no damage.
The orc barely misses you.
You closely miss the orc. You block the orc's attack.
The orc hits you but does no damage. The orc hits you with a +0 club.
You closely miss the orc. The orc hits you with a +0 trident.
The orc closely misses you. The orc hits you with a +0 club.
You hit the orc but do no damage. The orc hits you with a +0 trident.
The orc closely misses you. The orc hits you but does no damage.
You hit the orc but do no damage. The orc closely misses you.
You block the orc's attack. The orc hits you with a +0 mace.
* * * LOW HITPOINT WARNING * * *
You thump the orc!
You kill the orc!
You block the orc's attack. The orc misses you.
The orc attacks as you move away! The orc hits you with a +0 club.
* * * LOW HITPOINT WARNING * * *
The orc attacks as you move away! The orc misses you.
The orc barely misses you.
You sock the orc!
The orc is almost dead.
The orc hits you but does no damage. The orc barely misses you.
You hit the orc.
You kill the orc!
The orc priest begins to cast a cantrip, but forgets the words!
The orc hits you but does no damage.
You hit the orc.
The orc is severely wounded.
The orc hits you from afar with a +0 trident.
* * * LOW HITPOINT WARNING * * *
The orc hits you but does no damage. x2; The orc closely misses you.
The orc priest calls down the wrath of Beogh upon you.
Beogh smites you!
You die...

................
...............
...............
#.#..<)####...
#.#...>.....#
#.#)...######
#..###.### #..#
#..(# #..###@#.#
###.oo##.#
##.o!....#
#.###.#.# #. ..#
.. .# ##. # #.
#.


You could see an orc priest and 2 orcs.

Vanquished Creatures
  An orc priest (D:3)
  2 orc wizards (D:3)
  A gnoll (D:1)
  An adder (D:2)
  A worm (D:2)
  2 dart slugs (D:1)
  2 orcs (D:3)
  10 endoplasms
  A giant cockroach (D:2)
  6 goblins
  4 hobgoblins
  6 kobolds
  2 quokkas (D:2)
  2 ball pythons
  3 bats
  4 frilled lizards (D:1)
  6 rats
54 creatures vanquished.

Notes
Turn   | Place    | Note
-------+----------+-------------------------------------------
     0 | D:1      | Ivernyr the Formicid Fighter began the quest for the Orb.
     0 | D:1      | Reached XP level 1. HP: 18/18 MP: 1/1
    37 | D:1      | Reached XP level 2. HP: 20/24 MP: 2/2
   329 | D:1      | Reached XP level 3. HP: 18/29 MP: 3/3
   642 | D:1      | Found Oboud's Weapon Shop.
  1004 | D:2      | Reached XP level 4. HP: 37/37 MP: 4/4
  1118 | D:2      | Found Pucyk's Jewellery Shoppe.
  1401 | D:3      | Reached XP level 5. HP: 42/42 MP: 5/5
  1486 | D:3      | Killed from afar by an orc priest

Illustrated notes

Levels and vault maps discovered:
D:1:      dpeg_arrival_court, layout_basic, serial_shops,
          nicolae_shop_bloodbath_and_beyond, chequers_mini_garden, st_stairs_12,
          minivault_19, serial_bayou_pond_a, amcnicky_mini_pool_small,
          nicolae_grassy_gnolls
D:2:      layout_rooms, serial_shops, shop
D:3:      layout_loops_cross, cheibrodos_worm_habitat

Skill      XL: |  1  2  3  4 |
---------------+-------------+-----
Staves         | 3 |  3.7
Fighting       | 4 |  4.1
Armour         | 4 |  4.1
Shields        | |  4.9

Action                     |  1- 3 |  4- 6 || total
---------------------------+-------+-------++-------
  Melee: Quarterstaff      |    76 |    66 ||   142
 Armour: Scale mail        |    29 |    44 ||    73
  Dodge: Dodged            |    31 |    40 ||    71
  Block: Buckler           |    24 |    14 ||    38
